 Dungeon Crawl Stone Soup version 0.23-a0-310-gdcc7a32 (webtiles) character file.

1588 galech the Chopper (level 8, -8/61 HPs)
             Began as a Demonspawn Fighter on Oct 12, 2018.
             Was a Follower of Okawaru.
             Killed by divine providence
             ... invoked by an orc priest
              (14 damage)
             ... on level 6 of the Dungeon.
             The game lasted 00:07:34 (4842 turns).

galech the Chopper (Demonspawn Fighter)             Turns: 4842, Time: 00:07:34

Health: -8/61      AC: 13    Str: 17    XL:     8   Next: 61%
Magic:  0/8        EV:  6    Int:  9    God:    Okawaru [*.....]
Gold:   566        SH: 14    Dex: 15    Spells: 7/7 levels left

rFire    + . .     SeeInvis .   a - +0 war axe
rCold    . . .     Gourm    .   c - +0 shield
rNeg     . . .     Faith    .   p - +0 chain mail (curse)
rPois    .         Spirit   +   h - +0 helmet
rElec    .         Reflect  .   E - +0 cloak
rCorr    .         Harm     .   m - +0 pair of gloves (curse)
MR       +....                  (no boots)
Stlth    ..........             (no amulet)
HPRegen  0.20/turn              r - ring of protection from magic
MPRegen  0.11/turn              q - ring of stealth

@: lethally poisoned (-8 -> -33), hasted, very quick
A: talons 2, large bone plates 1, fire resistance 1, magic shield
a: Heroism, Renounce Religion


You were on level 6 of the Dungeon.
You worshipped Okawaru.
Okawaru was aware of your devotion.
You were not hungry.

You visited 2 branches of the dungeon, and saw 7 of its levels.
You also visited: Ossuary.

You collected 566 gold pieces.

Inventory:

Hand Weapons
 a - a +0 war axe (weapon)
Armour
 c - a +0 shield (worn)
 h - a +0 helmet (worn)
 m - a cursed +0 pair of gloves (worn)
 p - a cursed +0 chain mail (worn)
 E - a +0 cloak (worn)
Jewellery
 q - a ring of stealth (right hand)
 r - a ring of protection from magic (left hand)
Wands
 b - a wand of acid (5)
Scrolls
 e - 5 scrolls of identify
 k - 2 scrolls of enchant armour
 l - 6 scrolls of remove curse
 o - 3 scrolls of fear
 t - 3 scrolls of teleportation {unknown}
 w - a scroll of amnesia {unknown}
 y - 4 scrolls of blinking {unknown}
 B - a scroll of immolation {unknown}
 D - a scroll of magic mapping {unknown}
Potions
 d - a potion of might
 g - a potion of brilliance {unknown}
 i - a potion of lignification {unknown}
 j - 2 potions of curing
 n - 4 potions of haste
 s - a potion of magic {unknown}
 u - 2 potions of agility {unknown}
 v - a potion of mutation {unknown}
 x - a potion of cancellation {unknown}
 z - 2 potions of heal wounds {unknown}
 C - 2 potions of ambrosia {unknown}
Comestibles
 f - 10 rations
 A - a chunk of flesh


   Skills:
 + Level 4.8 Fighting
 + Level 7.0 Axes
 + Level 4.8 Armour
 + Level 1.4 Dodging
 + Level 0.1 Stealth
 + Level 5.3 Shields


You had 7 spell levels left.
You didn't know any spells.
Your spell library contained the following spells:

 Spells                   Type           Power        Failure   Level  Hunger
 Animate Skeleton         Necr           N/A          100%        1    ##.....
 Apportation              Tloc           #.....       100%        1    ##.....
 Confusing Touch          Hex            #.....       100%        1    ##.....
 Magic Dart               Conj           #...         100%        1    ##.....
 Summon Small Mammal      Summ           #...         100%        1    ##.....
 Blink                    Tloc           N/A          100%        2    ###....
 Call Imp                 Summ           #.......     100%        2    ###....
 Slow                     Hex            #.......     100%        2    ###....
 Conjure Flame            Conj/Fire      #.......     100%        3    ####...
 Mephitic Cloud           Conj/Pois/Air  #.......     100%        3    ####...


Dungeon Overview and Level Annotations

Branches:
Dungeon (6/15)             Temple (1/1) D:4

Altars:
Cheibriados
Elyvilon
Gozag
Okawaru
Qazlal
Sif Muna
Trog
Uskayaw
Vehumet
Wu Jian
Yredelemnul
Zin


Innate Abilities, Weirdness & Mutations

You have razor-sharp toenails.
You are partially covered in large bone plates. (SH +4)
Your flesh is heat resistant. (rF+)
When hurt, damage is shared between your health and your magic reserves.


Message History

You feel better.
The orc warrior hits you but does no damage.
You are poisoned.
Your shield and chain mail prevent you from hitting the orc priest.
You claw the orc priest.
The orc priest is moderately wounded.
You barely miss the orc warrior.
You feel sick. You block the orc priest's attack.
Unknown command.
You hit the orc priest but do no damage.
Your kick misses the orc priest.
The orc priest is moderately wounded.
Your chain mail prevents you from hitting the orc warrior.
You feel sick.
The orc warrior hits you with a scimitar of venom!
* * * LOW HITPOINT WARNING * * *
You are lethally poisoned!
The orc priest calls down the wrath of Beogh upon you.
Beogh smites you!
You die...

# .####### ############
.......# #.........>#
#.###..# ####...........
#.#....###.......).....#
#.###...........@o.....#
....#..##..##....o.....#
#.#.#.###.###.##########
......# #.###.#
#.#.#.###.##..#
....#.##.....##
#.###......###
#.#.........
#.###........


You could see an orc warrior and an orc priest.

Vanquished Creatures
  Sigmund (D:5)
  A sky beast (D:5)
  A phantom (D:4)
  2 eyes of draining (D:3)
  2 ogres
  A centaur (D:3)
  An elf zombie (Ossuary)
  A scorpion (D:5)
  A howler monkey (D:5)
  A crimson imp (D:5)
  A centaur zombie (Ossuary)
  2 centaur skeletons
  2 orc wizards (D:5)
  Crazy Yiuf (D:5)
  A gnoll shaman (D:4)
  An iguana (D:4)
  Natasha (twice) (D:2)
  4 worker ants
  4 big kobold zombies (Ossuary)
  2 mummies (Ossuary)
  A howler monkey zombie (D:5)
  4 gnolls
  3 adders
  An adder skeleton (D:5)
  3 worms (D:2)
  4 dart slugs (D:2)
  2 leopard geckos
  3 orcs
  2 ball pythons
  7 bats
  2 giant cockroaches
  10 goblins
  7 hobgoblins
  9 jackals
  2 quokkas
  2 gnoll zombies (Ossuary)
  3 goblin zombies (Ossuary)
  2 hobgoblin zombies (Ossuary)
  A jackal skeleton (D:4)
  9 kobolds
  An orc zombie (Ossuary)
  10 rats
120 creatures vanquished.

Notes
Turn   | Place    | Note
-------+----------+-------------------------------------------
     0 | D:1      | galech the Demonspawn Fighter began the quest for the Orb.
     0 | D:1      | Reached XP level 1. HP: 18/18 MP: 1/1
   162 | D:1      | Gained mutation: You are partially covered in large bone
                  | plates. (SH +4) [demonic ancestry]
   162 | D:1      | Reached XP level 2. HP: 24/24 MP: 2/2
   789 | D:2      | Found an ornate altar of the Wu Jian Council.
   855 | D:2      | Reached skill level 2 in Axes
   900 | D:2      | Gained mutation: Your flesh is heat resistant. (rF+)
                  | [demonic ancestry]
   900 | D:2      | Reached XP level 3. HP: 24/29 MP: 3/3
  1171 | D:2      | Noticed an ogre
  1195 | D:2      | Killed an ogre
  1195 | D:2      | Reached XP level 4. HP: 21/35 MP: 4/4
  1203 | D:2      | Gained mutation: When hurt, damage is shared between your
                  | health and your magic reserves. [demonic ancestry]
  1203 | D:2      | Reached XP level 5. HP: 26/41 MP: 5/5
  1397 | D:2      | Noticed Natasha
  1406 | D:2      | Killed Natasha
  1406 | D:2      | Reached skill level 3 in Axes
  1661 | D:2      | Noticed Natasha
  1663 | D:2      | Found a glowing silver altar of Zin.
  1673 | D:2      | Killed Natasha
  2285 | D:3      | Noticed a centaur
  2291 | D:3      | Killed a centaur
  2291 | D:3      | Gained mutation: You have sharp toenails. [demonic
                  | ancestry]
  2291 | D:3      | Reached XP level 6. HP: 37/48 MP: 4/6
  2304 | D:3      | Found a bloodstained altar of Trog.
  2317 | D:3      | Reached skill level 4 in Axes
  2322 | D:3      | Reached XP level 7. HP: 49/54 MP: 0/7
  2694 | D:4      | Found a hide-covered altar of Uskayaw.
  2716 | D:4      | Reached skill level 1 in Dodging
  2736 | D:4      | Reached skill level 5 in Axes
  2832 | D:4      | Found a staircase to the Ecumenical Temple.
  2875 | D:4      | Found a sand-covered staircase.
  2999 | Ossuary  | Entered an ossuary
  3495 | Temple   | Entered the Ecumenical Temple
  3504 | Temple   | Became a worshipper of Warmaster Okawaru
  3703 | D:4      | Gained mutation: You have razor-sharp toenails. [demonic
                  | ancestry]
  3703 | D:4      | Reached XP level 8. HP: 60/60 MP: 8/8
  3710 | D:4      | Reached skill level 6 in Axes
  3957 | D:5      | Entered Level 5 of the Dungeon
  3982 | D:5      | Found a basalt altar of Yredelemnul.
  3983 | D:5      | Found a stormy altar of Qazlal.
  4014 | D:5      | Found a runed door.
  4225 | D:5      | Reached skill level 5 in Shields
  4267 | D:5      | Noticed Sigmund
  4277 | D:5      | Killed Sigmund
  4289 | D:5      | Reached * piety under Okawaru
  4687 | D:5      | Noticed Crazy Yiuf
  4692 | D:5      | Killed Crazy Yiuf
  4830 | D:6      | Reached skill level 7 in Axes
  4842 | D:6      | Killed from afar by an orc priest

Vault maps used:
D:1:      lemuel_arrival_tunnels, st_stairs_8
D:2:      lemuel_doored_altar, zin_academy, uniq_natasha
D:3:      lemuel_upstairs_altar, trog_eyes_of_draining
D:4:      eat_drink_and_be_merry_uskayaw, minmay_temple_entry_trees,
          enter_ossuary_5
D:5:      grunt_temple_overflow_open, first_ration, hex_large,
          minmay_misc_feat_hallway, uniq_sigmund, uniq_crazy_yiuf_cottage
D:6:      minmay_misc_feat_roman
Temple:   dshaligram_water_room_temple
Ossuary:  minmay_ossuary_gauntlet

Skill      XL: |  1  2  3  4  5  6  7  8 |
---------------+-------------------------+-----
Armour         | 3 4 |  4.8
Shields        | 3 4 5 |  5.3
Axes           | 2 3 4 5 7 |  7.0
Fighting       | 4 |  4.8
Dodging        | 1 |  1.4
Stealth        | |  0.1

Action                   |  1- 3 |  4- 6 |  7- 9 || total
-------------------------+-------+-------+-------++-------
Melee: War axe           |   102 |   122 |   223 ||   447
       Kick              |       |     6 |    70 ||    76
  Use: Scroll            |       |       |     3 ||     3
       Potion            |       |       |     4 ||     4
  Eat: Chunk             |     1 |     4 |     5 ||    10
       Ration            |       |       |     1 ||     1
Armor: Scale mail        |    10 |       |       ||    10
       Chain mail        |    86 |    57 |    96 ||   239
Dodge: Dodged            |    35 |    21 |    40 ||    96
Block: Shield            |   106 |    81 |   148 ||   335

Table legend:
 A = Non-vault XP
 B = Vault XP
 C = Vault XP percentage of total XP
 D = Non-vault monster count
 E = Vault monster count
 F = Vault count percentage of total count
                 A         B        C        D         E       F
            +---------+---------+-------+---------+---------+-------
      Total |    1430 |     839 |  37.0 |      96 |      24 |  20.0
            +---------+---------+-------+---------+---------+-------
        D:1 |      15 |       1 |   6.2 |      10 |       1 |   9.1
        D:2 |     242 |      33 |  12.0 |      36 |       1 |   2.7
        D:3 |     192 |     262 |  57.7 |      17 |       4 |  19.0
        D:4 |     442 |       0 |   0.0 |      12 |       0 |   0.0
        D:5 |     521 |     249 |  32.3 |      18 |       2 |  10.0
        D:6 |      18 |       0 |   0.0 |       3 |       0 |   0.0
    Ossuary |       0 |     294 | 100.0 |       0 |      16 | 100.0
            +---------+---------+-------+---------+---------+-------
